 Dungeon Crawl Stone Soup version 0.19-a0-1193-g2641e52 (webtiles) character file.

50 Duffy the Chopper (level 3, -14/30 HPs)
             Began as a Minotaur Gladiator on Aug 19, 2016.
             Demolished by Duffy's ghost (17 damage)
             ... on level 3 of the Dungeon.
             The game lasted 00:00:41 (932 turns).

Duffy the Chopper (Minotaur Gladiator)               Turns: 932, Time: 00:00:41

Health: -14/30     AC:  3    Str: 19    XL:     3   Next: 55%
Magic:  2/2        EV: 12    Int:  5    God:
Gold:   58         SH:  0    Dex: 11    Spells: 0 memorised, 2 levels left

rFire  . . .     SeeInvis .     a - +0 war axe
rCold  . . .     Gourm    .     b - +0 leather armour
rNeg   . . .     Faith    .     (no shield)
rPois  .         Spirit   .     c - +0 hat
rElec  .         Dismiss  .     (no cloak)
rCorr  .         Reflect  .     (no gloves)
MR     .....     Harm     .     (no boots)
Stlth  +.........               (no amulet)
                                (no ring)
                                (no ring)

@: no status effects
A: retaliatory headbutt, horns 2
a: no special abilities


You were on level 3 of the Dungeon.
You were not hungry.

You visited 1 branch of the dungeon, and saw 3 of its levels.

You collected 58 gold pieces.

Inventory:

Hand Weapons
 a - a +0 war axe (weapon)
Missiles
 d - 3 throwing nets (quivered)
Armour
 b - a +0 leather armour (worn)
 c - a +0 hat (worn)
Wands
 h - a wand of digging (11/24)
Scrolls
 e - a scroll of random uselessness {unknown}
 g - 4 scrolls of remove curse {unknown}
Potions
 i - a potion of magic {unknown}
Comestibles
 f - a bread ration


   Skills:
 - Level 2.4 Fighting
 + Level 5.5 Axes
 - Level 2.0 Throwing
 - Level 3.2 Dodging


You had 2 spell levels left.
You didn't know any spells.

Dungeon Overview and Level Annotations

Branches:
Dungeon (3/15)

Altars:
Gozag

Annotations:
D:3 Duffy's ghost, amateur MiGl


Innate Abilities, Weirdness & Mutations

You reflexively headbutt those who attack you in melee.
You have a pair of horns on your head.


Message History

Duffy's ghost hits you!
You hit Duffy's ghost but do no damage.
Duffy's ghost is moderately damaged.
Duffy's ghost hits you! x2
You are too injured to fight recklessly!
You are too injured to fight recklessly!
You are too injured to fight recklessly!
You are too injured to fight recklessly!
You are too injured to fight recklessly!
You are too injured to fight recklessly!
You are too injured to fight recklessly!
You are too injured to fight recklessly!
You are too injured to fight recklessly!
You are too injured to fight recklessly!
You are too injured to fight recklessly!
You are too injured to fight recklessly!
You are too injured to fight recklessly!
Duffy's ghost hits you!
Ouch! That really hurt!
You die...

. ................
...#............##
#..#..............
#..............#
##.....#.#.##...#
................##
.................##
......#W...........
..... #.@..........
.... #...#.######..
... #.>...........
#. ....####'#####.
# #.###......##
###.........##
##...........#
#............#
##...~~~~~....#


You could see Duffy's ghost.

Vanquished Creatures
  Robin (D:2)
  An adder (D:2)
  A dart slug (D:1)
  A giant gecko (D:2)
  A giant cockroach (D:2)
  6 goblins (D:2)
  8 hobgoblins
  2 bats
  A giant newt (D:2)
  A kobold (D:3)
  A rat (D:2)
24 creatures vanquished.

Notes
Turn   | Place    | Note
-------+----------+-------------------------------------------
     0 | D:1      | Duffy the Minotaur Gladiator began the quest for the Orb.
     0 | D:1      | Reached XP level 1. HP: 18/18 MP: 0/0
    75 | D:2      | Reached skill level 4 in Axes
   150 | D:2      | Reached XP level 2. HP: 18/25 MP: 1/1
   338 | D:2      | Found an opulent altar of Gozag.
   605 | D:2      | Reached skill level 5 in Axes
   606 | D:2      | Noticed Robin
   612 | D:2      | Killed Robin
   612 | D:2      | Reached XP level 3. HP: 25/30 MP: 2/2
   927 | D:3      | Noticed Duffy's ghost (amateur MiGl)
   932 | D:3      | Demolished by Duffy's ghost

Vault maps used:
D:1:      dpeg_arrival_rooms_c, minmay_misc_feat_more_columns
D:2:      grunt_qazlal_clouds, grunt_gozag_breadcrumbs, fedhas_altar_4,
          serial_forest, infiniplex_forest_end_3, infiniplex_forest_straight_4,
          infiniplex_forest_clump_medium, infiniplex_forest_clump_curved,
          infiniplex_forest_end_2, infiniplex_forest_end_1, uniq_natasha,
          uniq_robin
D:3:      lemuel_zombie_altar_yredelemnul, hangedman_glass_teeth, minivault_19,
          kennysheep_potato, uniq_crazy_yiuf_cottage

Skill      XL: |  1  2 |
---------------+-------+-----
Axes           | 4 5 |  5.5
Fighting       | |  2.4
Throwing       | |  2.0
Dodging        | |  3.2

Action                   || total
-------------------------++-------
Melee: War axe           ||    63
       Headbutt          ||     9
Armor: Leather armour    ||    11
Dodge: Dodged            ||    32
